 Dungeon Crawl Stone Soup version 0.24.0-28-g17ded55e90 (webtiles) character file.

Game seed: 17973765703331611023, levelgen mode: deterministic

1596 95kv the Conjurer (level 8, 0/59 HPs)
             Began as a Gnoll Wanderer on Nov 12, 2019.
             Shot with an arrow by a centaur (7 damage)
             ... on level 6 of the Dungeon on Nov 13, 2019.
             The game lasted 01:22:13 (8947 turns).

95kv the Conjurer (Gnoll Wanderer)                  Turns: 8947, Time: 01:22:14

Health: 0/59       AC:  6    Str: 14    XL:     8   Next: 93%
Magic:  17/17      EV: 14    Int: 18    God:
Gold:   284        SH:  0    Dex: 20    Spells: 1/19 levels left

rFire    . . .     SeeInvis .   F - +1 morningstar (holy)
rCold    . . .     Gourm    +   (no shield)
rNeg     + . .     Faith    .   q - +0 leather armour
rPois    .         Spirit   .   D - +2 hat
rElec    .         Reflect  .   (no cloak)
rCorr    .         Harm     .   h - +0 pair of gloves
MR       .....                  (no boots)
Stlth    +++.......             o - amulet of the gourmand
HPRegen  0.19/turn              k - +6 ring of dexterity
MPRegen  0.15/turn              y - ring of positive energy

@: no status effects
A: distributed training, fangs 1, strong nose
a: no special abilities


You were on level 6 of the Dungeon.
You were completely stuffed.

You visited 1 branch of the dungeon, and saw 6 of its levels.

You collected 284 gold pieces.

Inventory:

Hand Weapons
 x - a +0 flail
 F - a +1 morningstar of holy wrath (weapon)
Armour
 a - a +0 helmet
 d - a +0 robe
 h - a +0 pair of gloves (worn)
 q - a +0 leather armour (worn)
 D - a +2 hat (worn)
Jewellery
 k - a +6 ring of dexterity (left hand)
 o - an amulet of the gourmand (around neck)
 y - a ring of positive energy (right hand)
Wands
 c - a wand of random effects (40)
 i - a wand of flame (20)
 E - a wand of enslavement (7)
 H - a wand of scattershot (6)
Scrolls
 e - 2 scrolls of blinking {unknown}
 g - 4 scrolls of teleportation
 j - a scroll of immolation {unknown}
 l - 3 scrolls of magic mapping {unknown}
 p - 2 scrolls of enchant armour {unknown}
 r - a scroll of fog {unknown}
 t - 2 scrolls of noise {unknown}
 v - a scroll of fear
 z - 3 scrolls of remove curse
 C - a scroll of identify
Potions
 b - 4 potions of curing
 m - a potion of might {unknown}
 n - a potion of haste {unknown}
 s - a potion of agility {unknown}
 u - 2 potions of brilliance {unknown}
 w - a potion of cancellation {unknown}
 A - 2 potions of flight {unknown}
 B - a potion of resistance {unknown}
 G - a potion of degeneration {unknown}
Comestibles
 f - 13 rations


   Skills:
 + Level 3.6 Fighting
 + Level 3.6 Short Blades
 + Level 3.6 Long Blades
 + Level 3.6 Axes
 + Level 3.6 Maces & Flails
 + Level 3.6 Polearms
 + Level 3.6 Staves
 + Level 3.6 Slings
 + Level 3.6 Bows
 + Level 3.6 Crossbows
 + Level 3.6 Throwing
 + Level 3.6 Armour
 + Level 3.6 Dodging
 + Level 3.6 Stealth
 + Level 4.5 Shields
 + Level 3.6 Unarmed Combat
 + Level 6.2 Spellcasting
 + Level 6.3 Conjurations
 + Level 3.0 Hexes
 + Level 3.7 Charms
 + Level 3.0 Summonings
 + Level 3.0 Necromancy
 + Level 3.0 Translocations
 + Level 3.0 Transmutations
 + Level 3.7 Fire Magic
 + Level 3.0 Ice Magic
 + Level 3.7 Air Magic
 + Level 3.0 Earth Magic
 + Level 3.0 Poison Magic
 + Level 4.0 Invocations
 + Level 4.5 Evocations


You had one spell level left.
You knew the following spells:

 Your Spells              Type           Power        Failure   Level  Hunger
a - Magic Dart            Conj           ####         1%          1    None
b - Call Imp              Summ           ###.....     6%          2    None
c - Conjure Flame         Conj/Fire      ###.....     5%          3    ##.....
d - Slow                  Hex            ###.....     6%          2    None
e - Blink                 Tloc           N/A          6%          2    None
f - Animate Skeleton      Necr           N/A          4%          1    None
g - Regeneration          Chrm/Necr      ###.......   11%         3    ##.....
h - Pain                  Necr           ###.         4%          1    None
i - Vampiric Draining     Necr           ###.......   13%         3    ##.....

Your spell library contained the following spells:

 Spells                   Type           Power        Failure   Level  Hunger
 Beastly Appendage        Tmut           ###...       4%          1    None
 Mephitic Cloud           Conj/Pois/Air  ###.....     8%          3    ##.....
 Spider Form              Tmut/Pois      ###.......   13%         3    ##.....
 Animate Dead             Necr           N/A          38%         4    ####...


Dungeon Overview and Level Annotations

Branches:
Dungeon (6/15)
 Temple: D:4-7

Altars:
Ashenzari
Dithmenos
Fedhas
Gozag
Hepliaklqana
Nemelex Xobeh
Xom

Annotations:
D:3 Crazy Yiuf


Innate Abilities, Weirdness & Mutations

Your experience applies equally to all skills.
You have very sharp teeth.
Your uncanny sense of smell can sniff out nearby items.


Message History

The orc shouts!
The centaur shoots an arrow.
The arrow hits you. The arrow freezes you.
You see here an arrow.
The centaur shoots an arrow.
The arrow hits you. The arrow freezes you.
You see here an arrow.
The centaur shoots an arrow.
The arrow hits you! The arrow freezes you.
The centaur shoots an arrow.
The arrow completely misses you.
You see here an arrow.
The centaur shoots an arrow.
The arrow hits you. The arrow freezes you.
You see here an arrow.
There is an open door here.
The centaur shoots an arrow.
The arrow hits you!
* * * LOW HITPOINT WARNING * * *
The arrow freezes you.
* * * LOW HITPOINT WARNING * * *
The centaur shoots an arrow.
The arrow hits you but does no damage.
You see here 2 arrows.
There is an open door here.
The centaur shoots an arrow.
The arrow hits you!
You die...

#########.#........#.##.#.#
#.#. ................>..#
#.#.# #.#.
.....(.((..........# #.#.#
#.#. ....#####(c(######.#
#...####.#. ... ####'####
#.# ######..... ..
###...÷(..# #.# ..# #.#.#.
> ##.........# #.# #.#
#.#.#.
##..##......###.#####.#
#.#.#.
#....##..[..'@....<.#.#
#.#.#.
#..._.#.....###.#.###.#
#.#.#. #....##.....# #.#.#
#.###.#.#.
##..##......###...#
#..##'#.#.
##............####
#......... ###..#.......#
#.......## ∆ #...##.......#
#.......# #...##.......#
#.......## #...##.......#
#.......'.


You could see a centaur.

Vanquished Creatures
  A sky beast (D:5)
  A black bear (D:6)
  A phantom (D:4)
  6 ogres
  A bullfrog (D:6)
  A scorpion (D:5)
  A howler monkey (D:5)
  2 crimson imps
  2 centaur skeletons (D:5)
  2 orc priests
  An iguana (D:5)
  3 worker ants
  An orc wizard (D:6)
  Robin (D:4)
  A worker ant zombie (D:6)
  3 gnolls (D:5)
  A howler monkey skeleton (D:5)
  16 adders
  A shadow imp (D:5)
  3 oozes
  6 worms
  A dart slug (D:1)
  7 leopard geckos
  11 orcs
  6 giant cockroaches
  14 goblins
  6 hobgoblins
  11 jackals
  2 quokkas
  A ball python (D:3)
  4 bats
  4 frilled lizards
  3 kobolds
  A leopard gecko skeleton (D:4)
  A leopard gecko zombie (D:5)
  A quokka skeleton (D:5)
  6 rats
134 creatures vanquished.

Vanquished Creatures (collateral kills)
  2 orc wizards
2 creatures vanquished.

Grand Total: 136 creatures vanquished

Notes
Turn   | Place    | Note
-------+----------+-------------------------------------------
     0 | D:1      | 95kv the Gnoll Wanderer began the quest for the Orb.
     0 | D:1      | 95kv set off with the following items: a +0 dagger, a wand
                  | of random effects (15), a +0 robe, a ration; and the
                  | following spells available to memorise: Magic Dart, Conjure
                  | Flame, Beastly Appendage, Mephitic Cloud, Blink, Call Imp,
                  | Slow, Spider Form
     0 | D:1      | Reached XP level 1. HP: 13/13 MP: 6/6
     2 | D:1      | Learned a level 1 spell: Magic Dart
   177 | D:1      | Reached XP level 2. HP: 19/19 MP: 1/7
  1123 | D:1      | Reached skill level 5 in Spellcasting
  1123 | D:1      | Reached XP level 3. HP: 19/25 MP: 3/9
  1416 | D:2      | Found a blossoming altar of Fedhas.
  1620 | D:2      | Learned a level 2 spell: Call Imp
  1691 | D:2      | Found a shattered altar of Ashenzari.
  1691 | D:2      | Found a hazy altar of Hepliaklqana.
  1761 | D:2      | Reached skill level 1 in Invocations
  1997 | D:2      | Found an opulent altar of Gozag.
  1998 | D:2      | Found a sparkling altar of Nemelex Xobeh.
  2143 | D:2      | Reached skill level 1 in Fighting
  2143 | D:2      | Reached skill level 1 in Short Blades
  2143 | D:2      | Reached skill level 1 in Long Blades
  2143 | D:2      | Reached skill level 1 in Axes
  2143 | D:2      | Reached skill level 1 in Maces & Flails
  2143 | D:2      | Reached skill level 1 in Polearms
  2143 | D:2      | Reached skill level 1 in Staves
  2143 | D:2      | Reached skill level 1 in Slings
  2143 | D:2      | Reached skill level 1 in Bows
  2143 | D:2      | Reached skill level 1 in Crossbows
  2143 | D:2      | Reached skill level 1 in Throwing
  2143 | D:2      | Reached skill level 1 in Armour
  2143 | D:2      | Reached skill level 1 in Dodging
  2143 | D:2      | Reached skill level 1 in Stealth
  2143 | D:2      | Reached skill level 1 in Unarmed Combat
  2409 | D:3      | Reached XP level 4. HP: 32/32 MP: 6/11
  2573 | D:3      | Found a runed translucent door.
  2574 | D:3      | Noticed Crazy Yiuf
  2907 | D:3      | Reached skill level 1 in Hexes
  2907 | D:3      | Reached skill level 1 in Summonings
  2907 | D:3      | Reached skill level 1 in Necromancy
  2907 | D:3      | Reached skill level 1 in Translocations
  2907 | D:3      | Reached skill level 1 in Transmutations
  2907 | D:3      | Reached skill level 1 in Ice Magic
  2907 | D:3      | Reached skill level 1 in Earth Magic
  2907 | D:3      | Reached skill level 1 in Poison Magic
  3210 | D:3      | Reached XP level 5. HP: 37/37 MP: 3/12
  3862 | D:3      | Learned a level 3 spell: Conjure Flame
  4213 | D:4      | Learned a level 2 spell: Slow
  4410 | D:4      | Learned a level 2 spell: Blink
  4544 | D:4      | Found a shimmering altar of Xom.
  4545 | D:4      | Found a shimmering altar of Xom.
  4546 | D:4      | Noticed Robin
  4547 | D:4      | Found a shimmering altar of Xom.
  5193 | D:4      | Found a shimmering altar of Xom.
  5216 | D:4      | Noticed an ogre
  5340 | D:4      | Killed an ogre
  5340 | D:4      | Reached XP level 6. HP: 44/44 MP: 5/14
  5442 | D:4      | Killed Robin
  5823 | D:4      | Reached XP level 7. HP: 50/50 MP: 6/15
  6429 | D:5      | Entered Level 5 of the Dungeon
  6868 | D:5      | Reached XP level 8. HP: 57/57 MP: 8/16
  7194 | D:5      | Found a shimmering altar of Xom.
  7451 | D:5      | Learned a level 1 spell: Animate Skeleton
  7455 | D:5      | Learned a level 3 spell: Regeneration
  8405 | D:6      | Learned a level 1 spell: Pain
  8409 | D:6      | Learned a level 3 spell: Vampiric Draining
  8754 | D:6      | Found a shadowy altar of Dithmenos.
  8947 | D:6      | Shot with an arrow by a centaur

Levels and vault maps discovered:
D:1:      psy_arrival_heroes, layout_basic, minmay_hedge_maze
D:2:      layout_basic, grunt_temple_overflow_opulence, fedhas_altar_4,
          chequers_temple_overflow_statue_of_worship
D:3:      layout_basic, gup_sewer_entry_bubbles, uniq_crazy_yiuf_cottage
D:4:      minmay_opposing_rooms, layout_rooms, xom_redecorated,
          serial_park_tiny_pond, st_stairs_7, uniq_robin
D:5:      layout_gridville, minmay_temple_entry_nine_rooms, enter_ossuary_5,
          basic_altar, first_ration, kennysheep_donut, saegor_snake_ambush
D:6:      layout_basic, overflow_temple_1_default,
          nicolae_dithmenos_through_a_glass_darkly

Skill      XL: |  1  2  3  4  5  6  7  8 |
---------------+-------------------------+-----
Charms         | 2 3 |  3.7
Fire Magic     | 2 3 |  3.7
Air Magic      | 2 3 |  3.7
Spellcasting   | 5 6 |  6.2
Invocations    | 1 2 3 4 |  4.0
Fighting       | 1 2 3 |  3.6
Short Blades   | 1 2 3 |  3.6
Long Blades    | 1 2 3 |  3.6
Axes           | 1 2 3 |  3.6
Maces & Flails | 1 2 3 |  3.6
Polearms       | 1 2 3 |  3.6
Staves         | 1 2 3 |  3.6
Slings         | 1 2 3 |  3.6
Bows           | 1 2 3 |  3.6
Crossbows      | 1 2 3 |  3.6
Throwing       | 1 2 3 |  3.6
Armour         | 1 2 3 |  3.6
Dodging        | 1 2 3 |  3.6
Stealth        | 1 2 3 |  3.6
Unarmed Combat | 1 2 3 |  3.6
Hexes          | 1 2 3 |  3.0
Summonings     | 1 2 3 |  3.0
Necromancy     | 1 2 3 |  3.0
Translocations | 1 2 3 |  3.0
Transmutations | 1 2 3 |  3.0
Ice Magic      | 1 2 3 |  3.0
Earth Magic    | 1 2 3 |  3.0
Poison Magic   | 1 2 3 |  3.0
Shields        | 3 4 |  4.5
Evocations     | 3 4 |  4.5
Conjurations   | 6 |  6.3

Action                   |  1- 3 |  4- 6 |  7- 9 || total
-------------------------+-------+-------+-------++-------
Melee: Dagger            |    16 |       |       ||    16
       Mace              |    20 |       |       ||    20
       Bite              |     5 |       |     3 ||     8
       Flail             |       |     4 |    18 ||    22
       Morningstar       |       |       |     3 ||     3
 Cast: Magic Dart        |    56 |   172 |   215 ||   443
       Call Imp          |     3 |     2 |     5 ||    10
       Slow              |       |     5 |     2 ||     7
       Conjure Flame     |       |     4 |     5 ||     9
       Blink             |       |     4 |     5 ||     9
  Use: Scroll            |     3 |     2 |     3 ||     8
  Eat: Chunk             |     7 |    14 |    10 ||    31
       Ration            |     1 |       |       ||     1
Armor: Robe              |     9 |       |       ||     9
       Leather armour    |       |    18 |    32 ||    50
Dodge: Dodged            |    29 |    30 |    78 ||   137
